 Dungeon Crawl Stone Soup version 0.31-a0-37-g98a128e1d9 (webtiles) character file.

Game seed: 14339992604518038891

1813 pk666 the Thaumaturge (level 8, 0/41 HPs)
             Began as a Deep Elf Fire Elementalist on May 15, 2023.
             Was an Initiate of Vehumet.
             Slain by a vampire mosquito (8 damage)
             ... on level 7 of the Dungeon.
             The game lasted 00:13:57 (7437 turns).

pk666 the Thaumaturge (Deep Elf Fire Elementalist)  Turns: 7437, Time: 00:13:57

Health: 0/41       AC:  4    Str:  5    XL:     8   Next: 84%
Magic:  0/22       EV: 15    Int: 23    God:    Vehumet [......]
Gold:   278        SH:  0    Dex: 15    Spells: 20/23 levels left

rFire   . . .        F - +2 dagger (venom)
rCold   . . .        (no shield)
rNeg    . . .        a - +0 robe
rPois   .            (no helmet)
rElec   .            E - +0 cloak
rCorr   .            w - +0 pair of gloves
SInv    .            (no boots)
Will    .....        (no amulet)
Stlth   ++           (no ring)
HPRegen 0.26/turn    (no ring)
MPRegen 0.18/turn

%: no passive effects
@: studying Ice Magic
A: no striking features
a: Renounce Religion


You were on level 7 of the Dungeon.
You worshipped Vehumet.
Vehumet was noncommittal.
You visited 2 branches of the dungeon, and saw 8 of its levels.

You collected 278 gold pieces.

Inventory:

Hand Weapons
 F - a +2 dagger of venom (weapon)
Armour
 a - a +0 robe (worn)
 w - a +0 pair of gloves (worn)
 E - a +0 cloak (worn)
Jewellery
 b - an amulet of reflection
 x - an amulet of regeneration
 y - an amulet of magic regeneration
 D - a +6 ring of strength
Wands
 q - a wand of paralysis (18)
 A - a wand of roots (14)
Scrolls
 c - a scroll of blinking {unknown}
 d - 5 scrolls of identify {unknown}
 i - a scroll of acquirement {unknown}
 j - a scroll of vulnerability {unknown}
 k - a scroll of fear {unknown}
 l - a scroll of magic mapping {unknown}
 m - 4 scrolls of teleportation {unknown}
 n - a scroll of noise {unknown}
 o - a scroll of silence {unknown}
 p - 2 scrolls of poison {unknown}
 t - 2 scrolls of amnesia {unknown}
 z - 2 scrolls of enchant weapon {unknown}
 C - a scroll of enchant armour {unknown}
Potions
 e - a potion of heal wounds {unknown}
 f - 3 potions of curing
 g - 2 potions of attraction {unknown}
 h - a potion of mutation {unknown}
 r - a potion of invisibility {unknown}
 s - a potion of cancellation {unknown}
 u - a potion of might {unknown}
 v - a potion of resistance {unknown}
 B - 2 potions of degeneration {unknown}


   Skills:
 + Level 7.2 Dodging
 - Level 2.4 Stealth
 + Level 8.0 Spellcasting
 + Level 6.2 Conjurations
 + Level 7.1 Fire Magic


You had 20 spell levels left.
You knew the following spells:

 Your Spells              Type           Power      Damage    Failure   Level
a - Foxfire               Conj/Fire      100%       2x1d9     1%          1
b - Scorch                Fire           84%        2d9       1%          2

Your spell library contained the following spells:

 Spells                   Type           Power      Damage    Failure   Level
 Inner Flame              Hex/Fire       25%        N/A       4%          3
 Volatile Blastmotes      Fire/Tloc      50%        2d14      4%          3
 Flame Wave               Conj/Fire      40%        2d11      4%          4
 Hailstorm                Conj/Ice       23%        3d7       6%          3
 Freeze                   Ice            36%        1d5       7%          1
 Sublimation of Blood     Necr           9%         N/A       11%         2
 Wereblood                Tmut           9%         N/A       11%         2
 Frozen Ramparts          Ice            18%        1d3       21%         3
 Anguish                  Hex/Necr       4%         N/A       56%         4
 Cause Fear               Hex            4%         N/A       56%         4
 Passage of Golubria      Tloc           9%         N/A       56%         4
 Silence                  Hex/Air        4%         N/A       88%         5
 Enfeeble                 Hex            4%         N/A       100%        7
 Summon Hydra             Summ           4%         N/A       100%        7
 Lehudib's Crystal Spear  Conj/Erth      11%        10d4      100%        8


Dungeon Overview and Level Annotations

Branches:
Dungeon (7/15)             Temple (1/1) D:6

Altars:
Ashenzari
Cheibriados
Dithmenos
Fedhas
Gozag
Hepliaklqana
Kikubaaqudgha
Makhleb
Nemelex Xobeh
Okawaru
Qazlal
Ru
Sif Muna
Trog
Vehumet
Wu Jian
Xom
Yredelemnul
Zin
The Shining One

Annotations:
D:6 exclusion: yak


Message History

The vampire mosquito bites you but does no damage.
Casting: Scorch (safe; 1% risk of failure)
Confirm with . or Enter, or press ? or * to list all spells.
Flames lash the vampire mosquito.
The vampire mosquito is burned terribly!
The vampire mosquito is severely damaged.
The vampire mosquito barely misses you.
The vampire mosquito closely misses you.
You feel better. The vampire mosquito bites you.
* * * LOW HITPOINT WARNING * * *
The vampire mosquito draws strength from your injuries!
The vampire mosquito bites you!
* * * LOW HITPOINT WARNING * * *
The vampire mosquito draws strength from your injuries!
Casting: Scorch (safe; 1% risk of failure)
Confirm with . or Enter, or press ? or * to list all spells.
You don't have enough magic to cast this spell.
You feel better.
The vampire mosquito closely misses you. x2
Casting: Scorch (safe; 1% risk of failure)
Confirm with . or Enter, or press ? or * to list all spells.
You don't have enough magic to cast this spell.
You feel better.
The vampire mosquito bites you but does no damage.
The vampire mosquito bites you.
The vampire mosquito draws strength from your injuries!
The vampire mosquito bites you.
* * * LOW HITPOINT WARNING * * *
The vampire mosquito draws strength from your injuries!
The vampire mosquito barely misses you.
Casting: Scorch (safe; 1% risk of failure)
Confirm with . or Enter, or press ? or * to list all spells.
Flames lash the vampire mosquito.
The vampire mosquito is burned terribly!
The vampire mosquito is moderately damaged.
The vampire mosquito bites you.
* * * LOW HITPOINT WARNING * * *
The vampire mosquito draws strength from your injuries!
The vampire mosquito bites you!
You die...

#......#......>..#....#
#......#.........'....#
#......#.........#....#
#......#.........#....#
#......#..###...##'####
####'########...##.####..
#.........#......)'......
#.........#.....).#......
#.........#@y.....#....y.
#.........'.......# .....
################### #####


You could see a vampire mosquito (combustible).

Vanquished Creatures
  A vampire mosquito (D:7)
  A sky beast (D:6)
  3 centaurs
  3 ogres
  A phantom (D:5)
  A kobold brigand (D:7)
  A bullfrog (D:6)
  2 scorpions
  2 howler monkeys
  3 jellies
  4 orc priests
  3 hounds
  Jessica (D:3)
  4 iguanas
  An orc wizard (D:6)
  3 gnolls (D:6)
  13 adders
  2 shadow imps
  2 white imps
  5 worms
  8 orcs
  A bat (D:1)
  3 endoplasms
  4 giant cockroaches
  9 goblins
  3 hobgoblins
  3 jackals (D:4)
  5 quokkas
  3 ball pythons
  2 frilled lizards (D:2)
  7 kobolds
  4 rats
  A spectral hobgoblin (D:1)
  2 butterflies (D:3)
111 creatures vanquished.

Vanquished Creatures (collateral kills)
  12 foxfires (D:4)
12 creatures vanquished.

Vanquished Creatures (others)
  395 foxfires
395 creatures vanquished.

Grand Total: 518 creatures vanquished

Notes
Turn   | Place    | Note
-------+----------+-------------------------------------------
     0 | D:1      | pk666 the Deep Elf Fire Elementalist began the quest for
                  | the Orb.
     0 | D:1      | Reached XP level 1. HP: 10/10 MP: 6/6
   548 | D:1      | Found a faded altar of an unknown god.
   698 | D:1      | Reached XP level 2. HP: 15/15 MP: 4/8
   891 | D:2      | Learned a level 2 spell: Scorch
   956 | D:2      | Reached XP level 3. HP: 14/19 MP: 6/10
  1764 | D:2      | Reached XP level 4. HP: 24/24 MP: 9/11
  2161 | D:2      | Reached skill level 4 in Spellcasting
  2501 | D:3      | Found a shimmering altar of Xom.
  3037 | D:3      | Noticed Jessica
  3040 | D:3      | Killed Jessica
  3067 | D:3      | Found a shimmering blue altar of Sif Muna.
  3145 | D:3      | Reached XP level 5. HP: 28/28 MP: 9/13
  3656 | D:4      | Noticed an ogre
  3663 | D:4      | Killed an ogre
  3664 | D:4      | Reached skill level 5 in Spellcasting
  3664 | D:4      | Reached XP level 6. HP: 32/32 MP: 10/15
  4025 | D:4      | Reached skill level 5 in Fire Magic
  4712 | D:5      | Entered Level 5 of the Dungeon
  5057 | D:5      | Reached skill level 5 in Dodging
  5057 | D:5      | Reached XP level 7. HP: 20/36 MP: 6/17
  5217 | D:5      | You fall into a shaft and drop 1 floor!
  5242 | D:6      | Noticed a yak
  5400 | D:6      | Reached skill level 6 in Spellcasting
  5660 | D:6      | Found an ancient bone altar of Kikubaaqudgha.
  5682 | D:5      | Found a shadowy altar of Dithmenos.
  5839 | D:5      | Reached skill level 5 in Conjurations
  5848 | D:5      | Reached XP level 8. HP: 24/41 MP: 11/20
  6208 | D:6      | Reached skill level 7 in Spellcasting
  6464 | D:6      | Found a staircase to the Ecumenical Temple.
  6481 | Temple   | Entered the Ecumenical Temple
  6641 | Temple   | Became a worshipper of Vehumet
  7421 | D:7      | Reached skill level 8 in Spellcasting
  7431 | D:7      | HP: 2/41 [vampire mosquito (7)]
  7437 | D:7      | Slain by a vampire mosquito

Illustrated notes

Levels and vault maps discovered:
D:1:      roderic_chinese_lattice_arrival, layout_basic,
          dreamdust_ecumenical_altar_drowned_temple
D:2:      minmay_chambers_of_ones, layout_basic, minmay_misc_feat_doors
D:3:      layout_basic, tgw_sif, xom_butterflies, uniq_jessica
D:4:      layout_loops_ring, serial_forest, infiniplex_forest_corner_1,
          infiniplex_forest_clump_C, infiniplex_forest_end_2,
          infiniplex_forest_end_3, infiniplex_forest_clump_small,
          infiniplex_forest_lined_1, nicolae_elevator_lobby_asterisk
D:5:      layout_basic, grunt_dithmenos_smoke, minmay_manual_mares
D:6:      layout_cave_pools, lemuel_coloured_pillars_altar,
          minmay_temple_entry_statues, chequers_serial_rivers_large_a,
          nicolae_figureground_pulse
D:7:      layout_gridville
Temple:   bh_familiar_temple

Skill      XL: |  1  2  3  4  5  6  7  8 |
---------------+-------------------------+-----
Dodging        | 3 4 5 6 7 |  7.2
Conjurations   | 2 3 4 5 6 |  6.2
Fire Magic     | 4 5 6 7 |  7.1
Spellcasting   | 4 5 6 8 |  8.0
Stealth        | |  2.4

Action                     |  1- 3 |  4- 6 |  7- 9 || total
---------------------------+-------+-------+-------++-------
   Cast: Foxfire           |    63 |    97 |    82 ||   242
         Scorch            |     4 |    29 |    38 ||    71
    Use: Potion            |       |       |     4 ||     4
 Armour: Robe              |       |     4 |     9 ||    13
  Dodge: Dodged            |     8 |    28 |    46 ||    82

Table legend: (Time is in decaauts)
 A = Elapsed time spent in this place.
 B = Non-inter-level travel time spent in this place.
 C = Inter-level travel time spent in this place.
 D = Time resting spent in this place.
 E = Time spent auto-exploring this place.
 F = Levels seen in this place.
 G = Mean time per level.
                   A        B        C        D        E       F      G
               +--------+--------+--------+--------+--------+-----+--------+
         Total |   7438 |   7225 |    213 |    995 |   5209 |   8 |  929.8 |
       Dungeon |   7271 |   7075 |    196 |    995 |   5070 |   7 | 1038.7 |
        Temple |    166 |    149 |     17 |      0 |    139 |   1 |  166.0 |
               +--------+--------+--------+--------+--------+-----+--------+

Top non-repeatable levels by time:
     D:2: 1422 daAuts
     D:4: 1299 daAuts
     D:3: 1109 daAuts
     D:5: 1004 daAuts
     D:1: 881 daAuts
     D:6: 880 daAuts
     D:7: 673 daAuts
  Temple: 166 daAuts
